Map: Eternal Empire LE

Players

Semper

  • Race: Protoss Protoss
  • Spawn Location: 1:00

Future - Winner!

  • Race: Terran Terran
  • Spawn Location: 7:00

Event: DreamHack SC2 Masters 2020 Summer North America

VOD

Have the link to the VOD?

Description

Time

  • Played on: July 2, 2020, 4:42 p.m.
  • Length: 12:38

All games in this series

Show
View Real Time Build Order
Export as new Build Order

Semper Protoss 

Build Orders: 1 Gate Expand, Blink Stalkers 

Get SALT Encoding   

  12  0:00  Probe  
  13  0:13  Probe  
  14  0:18  Pylon  
  14  0:24  Probe  
  15  0:33  Probe  
  15  0:38  Gateway  
  15  0:41  Probe  
  16  0:46  Assimilator  
  17  0:51  Probe  
  18  1:03  Probe  
  19  1:15  Probe  
  20  1:26  Cybernetics Core  
  20  1:33  Nexus  
  20  1:40  Pylon  
  20  1:43  Probe  
  21  1:51  Assimilator  
  21  1:54  Adept  
  21  1:55  Probe  
  22  2:05  Warp Gate  
  22  2:07  Probe  
  25  2:14  Stalker  
  25  2:19  Probe  
  28  2:31  Probe  
  29  2:42  Probe  
  29  2:43  Probe  
  30  2:44  Stalker  
  30  2:48  Twilight Council  
  33  2:54  Probe  
  33  2:55  Probe  
  33  2:57  Blink  
  35  3:07  Probe x2  
  35  3:12  Gateway  
  37  3:15  Gateway  
  35  3:27  Probe x2  
  35  3:34  Pylon  
  37  3:38  Pylon  
  37  3:45  Robotics Facility  
  37  3:47  Probe  
  38  3:49  Probe  
  39  3:57  Pylon  
  39  4:06  Probe  
  39  4:07  Probe  
  41  4:12  Stalker x2, Sentry  
  47  4:17  Shield Battery  
  47  4:21  Probe x2  
  47  4:23  Phoenix  
  49  4:33  Nexus  
  49  4:35  Pylon  
  49  4:39  Probe x2, Observer  
  51  4:50  Stalker x2  
  55  4:53  Assimilator, Observer  
  55  4:59  Probe  
  54  5:04  Probe  
  56  5:10  Pylon  
  56  5:11  Probe  
  56  5:12  Forge  
  57  5:14  Pylon  
  57  5:18  Probe  
  58  5:22  Observer  
  58  5:23  Probe  
  60  5:33  Charge  
  60  5:34  Stalker x2  
  64  5:39  Probe x2  
  64  5:40  Protoss Ground Armor Level 1  
  66  5:43  Gateway  
  66  5:44  Gateway  
  66  5:48  Gateway  
  63  5:51  Probe  
  62  5:59  Probe  
  62  6:00  Immortal  
  62  6:06  Probe  
  62  6:11  Zealot x2  
  71  6:20  Probe  
  71  6:23  Zealot  
  74  6:26  Probe  
  74  6:32  Probe  
  76  6:35  Zealot x2  
  76  6:37  Observer  
  76  6:38  Probe  
  81  6:43  Probe, Gateway  
  81  6:44  Probe  
  81  6:45  Gateway  
  81  6:47  Probe  
  83  6:51  Probe  
  84  6:55  Probe  
  84  6:56  Probe  
  84  7:01  Probe  
  87  7:04  Zealot  
  87  7:05  Zealot  
  91  7:08  Probe  
  91  7:12  Pylon  
  91  7:14  Probe, Shield Battery, Pylon  
  93  7:17  Pylon  
  93  7:26  Pylon  
  93  7:30  Probe x2  
  93  7:34  Immortal  
  95  7:37  Zealot x6  
  95  7:38  Shield Battery  
  107  7:46  Shield Battery  
  107  7:50  Sentry x2  
  115  7:58  Zealot x4  
  121  8:01  Protoss Ground Armor Level 2  
  99  8:13  Zealot  
  99  8:14  Zealot x3  
  99  8:17  Probe x2  
  103  8:25  Zealot x4  
  104  8:29  Probe  
  104  8:31  Pylon  
  104  8:39  Zealot x4  
  78  8:49  Zealot x4  
  78  8:54  Observer  
  78  9:02  Stalker x3  
  81  9:03  Stalker  
  81  9:09  Observer  
  86  9:18  Nexus  
  86  9:21  Templar Archives  
  86  9:22  Stalker  
  88  9:25  Stalker  
  88  9:26  Probe  
  91  9:32  Stalker x2  
  91  9:36  Zealot, Psionic Storm  
  91  9:38  Probe  
  98  9:49  Probe x2  
  98  9:50  Probe  
  98  9:52  Warp Prism  
  99  9:55  Pylon  
  99  10:00  High Templar x2  
  99  10:01  High Templar  
  105  10:08  Probe x3, Photon Cannon  
  105  10:10  Pylon  
  105  10:13  Assimilator  
  108  10:16  Zealot x3  
  108  10:20  High Templar  
  108  10:21  Probe x2  
  118  10:24  Protoss Ground Weapons Level 1  
  118  10:27  Zealot  
  120  10:36  Gateway  
  120  10:38  Gateway  
  120  10:39  Probe x3  
  120  10:40  Probe  
  124  10:43  Pylon  
  124  10:47  Stalker x2  
  126  10:51  Probe  
  126  10:52  Zealot x2  
  129  11:10  Zealot x6  
  122  11:17  Archon, Zealot x2  
  116  11:20  Probe x3  
  117  11:38  Zealot x8  
  117  11:42  Zealot x2  
  113  11:50  Nexus  
  109  11:58  Probe  
  109  12:00  Observer  
  96  12:01  High Templar x3  
  96  12:02  High Templar  
  96  12:03  Zealot x2  
  96  12:04  Zealot x3  
  96  12:05  Archon x2  
  101  12:10  Probe x2  
  90  12:18  Zealot  
  86  12:25  Zealot x5  
Show
View Real Time Build Order
Export as new Build Order

Future Terran - Winner!

Build Orders: Gas First Reaper Expand, Banshee Rush 

Get SALT Encoding   

  12  0:00  SCV  
  13  0:12  SCV  
  14  0:17  Supply Depot  
  14  0:24  SCV  
  15  0:30  Refinery  
  15  0:39  SCV  
  16  0:45  Barracks  
  16  0:51  SCV  
  17  1:03  SCV  
  18  1:15  SCV  
  19  1:32  Reaper, Orbital Command  
  20  1:46  Command Center  
  20  1:56  Factory  
  20  1:58  SCV  
  21  2:08  Barracks Reactor  
  21  2:11  SCV  
  21  2:14  Supply Depot  
  22  2:17  Refinery  
  22  2:23  SCV  
  23  2:36  SCV  
  24  2:45  Starport  
  24  2:48  SCV  
  24  2:49  Hellion x2  
  29  2:58  Orbital Command  
  29  3:00  SCV  
  29  3:03  Barracks Tech Lab  
  30  3:11  Hellion  
  30  3:12  Hellion  
  34  3:13  SCV  
  35  3:26  SCV  
  36  3:27  SCV  
  36  3:30  Cloaking Field  
  36  3:31  Banshee  
  40  3:38  SCV  
  40  3:39  SCV  
  40  3:40  Supply Depot, Factory Tech Lab  
  42  3:41  Marine  
  42  3:43  Marine  
  44  3:50  SCV  
  44  3:51  SCV, Supply Depot  
  46  4:01  Marine x2  
  46  4:02  SCV  
  49  4:03  Siege Tank  
  49  4:04  SCV  
  49  4:07  Bunker  
  53  4:14  SCV  
  53  4:16  SCV  
  55  4:18  Banshee  
  58  4:24  Supply Depot  
  58  4:26  SCV  
  58  4:28  SCV, Barracks  
  60  4:32  Barracks  
  60  4:33  Marine  
  60  4:36  Marine  
  62  4:46  SCV x2, Supply Depot  
  62  4:47  Siege Tank  
  67  4:53  Supply Depot  
  67  4:58  SCV, Engineering Bay  
  67  4:59  Marine x2  
  70  5:05  SCV  
  68  5:10  Refinery  
  68  5:11  SCV, Starport Reactor  
  69  5:16  Supply Depot, Marine  
  69  5:17  SCV, Marine  
  72  5:23  SCV  
  72  5:24  Terran Infantry Weapons Level 1  
  72  5:25  Supply Depot  
  73  5:28  Factory Reactor, Refinery  
  73  5:29  SCV  
  73  5:35  Marauder x2, Marine x2  
  80  5:39  SCV  
  80  5:41  SCV  
  79  5:55  Marine  
  79  5:56  Supply Depot, Marauder x2, Marine  
  79  6:01  Combat Shield, Stimpack  
  79  6:04  Supply Depot  
  79  6:15  Medivac  
  79  6:16  Marine x2  
  79  6:17  Marine x2  
  85  6:18  Medivac  
  85  6:19  Command Center  
  85  6:22  Missile Turret  
  85  6:25  Widow Mine x2  
  91  6:32  Missile Turret  
  91  6:35  Marauder x2, Marine x2  
  97  6:48  Barracks  
  97  6:49  Medivac x2  
  97  6:50  Barracks  
  97  6:51  Widow Mine  
  97  6:53  Widow Mine  
  105  6:57  Marauder  
  105  6:58  Marine x2  
  109  7:08  Marauder  
  105  7:12  SCV  
  105  7:14  Supply Depot  
  106  7:18  Marauder  
  106  7:19  Terran Infantry Armor Level 1  
  105  7:23  Medivac  
  105  7:24  Marine x2  
  105  7:26  Widow Mine x2  
  105  7:27  SCV x2  
  105  7:29  Marauder  
  117  7:33  Medivac  
  119  7:38  Supply Depot  
  119  7:39  Barracks Reactor, SCV  
  119  7:40  SCV  
  119  7:41  Barracks Tech Lab  
  121  7:46  Marauder  
  121  7:47  Marine  
  121  7:51  Marauder, Widow Mine  
  128  7:54  SCV x2  
  129  7:59  Widow Mine  
  129  8:03  Orbital Command  
  130  8:06  SCV  
  130  8:07  SCV  
  130  8:12  Marauder x2, Marine  
  123  8:13  Marine  
  123  8:14  Marauder  
  123  8:16  Widow Mine  
  129  8:20  Widow Mine  
  129  8:25  SCV x2  
  129  8:26  Marine  
  130  8:28  Marine  
  130  8:31  SCV  
  130  8:32  Liberator  
  130  8:33  Marauder  
  138  8:35  Liberator  
  140  8:46  Marauder x2  
  120  8:55  Marauder  
  108  8:56  Marine  
  108  8:57  Marine x2  
  108  8:59  Widow Mine x2  
  113  9:04  Refinery, Ghost Academy  
  113  9:06  Marine  
  113  9:07  Marauder x2  
  116  9:14  Marine  
  116  9:15  Marine, Liberator  
  116  9:16  Marauder  
  123  9:18  Marine  
  124  9:24  Marine  
  124  9:27  Refinery  
  124  9:29  SCV x3, Supply Depot, Marauder x2  
  124  9:30  Supply Depot  
  132  9:34  Marine x2  
  132  9:36  Marine  
  132  9:37  Marauder  
  137  9:39  Enhanced Shockwaves  
  137  9:42  Marine  
  138  9:51  Supply Depot, Marine  
  138  9:52  Supply Depot, Marine  
  142  9:56  Ghost x2  
  142  9:58  Ghost, Marine  
  147  10:00  Marine  
  147  10:02  Concussive Shells  
  146  10:09  Marine x2  
  146  10:10  Bunker  
  146  10:11  Missile Turret  
  148  10:16  Widow Mine, Marine  
  148  10:18  Marine, Widow Mine  
  154  10:25  Medivac x2, Ghost  
  154  10:26  Marauder  
  154  10:27  Marauder, Marine x2  
  166  10:38  Armory, Engineering Bay, Marine x2  
  166  10:39  Command Center  
  168  10:47  Marauder  
  168  10:48  Marine x2  
  168  10:49  Marauder  
  174  10:54  Marauder  
  174  10:55  Widow Mine x2  
  174  10:56  Marine x2  
  180  11:08  Marauder  
  168  11:12  Marauder  
  168  11:15  Marauder  
  168  11:16  Marine x2  
  152  11:23  Liberator x2  
  152  11:25  Widow Mine x2  
  162  11:28  Marine x2  
  162  11:30  Marauder  
  166  11:34  Marauder  
  166  11:37  Marauder  
  166  11:39  Marine x2  
  149  11:49  Widow Mine x2  
  149  11:51  Marauder  
  149  11:55  Marauder  
  149  12:00  Marauder, Marine x2  
  146  12:08  Marine  
  153  12:11  Widow Mine  
  153  12:12  Widow Mine  
  153  12:13  Marauder  
  156  12:16  Marauder  
  156  12:19  Marine  
  156  12:20  Marine  
  156  12:21  Command Center  
Tags
 
Add a new tag
Caveats
  • Supply blocks, unpowered buildings, or Contaminate may cause inaccurate times.
  • Supply counts are checked every 10 seconds.